 Dungeon Crawl Stone Soup version 0.31-a0-920-g28cbb04a8c (webtiles) character file.

Game seed: 13808927220987803112

106 Xavori the Trooper (level 4, -2/36 HPs)
             Began as an Octopode Chaos Knight on Oct 17, 2023.
             Was a Plaything of Xom.
             Slain by a scorpion (8 damage)
             ... on level 5 of the Dungeon.
             The game lasted 00:02:07 (10796 turns).

Xavori the Trooper (Octopode Chaos Knight)         Turns: 10796, Time: 00:02:07

Health: -2/36      AC:  1    Str: 13    XL:     4   Next: 84%
Magic:  4/4        EV: 14    Int: 16    God:    Xom [......]
Gold:   103        SH:  0    Dex: 15    Spells: 3/3 levels left

rFire   + . .        a - +0 short sword (chaos)
rCold   x . .        (no shield)
rNeg    . . .        (helmet restricted)
rPois   +            (no amulet)
rElec   +            (no ring)
rCorr   +            (no ring)
SInv    +            (no ring)
Will    .....        (no ring)
Stlth   ++           (no ring)
HPRegen 0.26/turn    (no ring)
MPRegen 0.09/turn    (no ring)
                     (no ring)

%: no passive effects
@: brilliant, lethally poisoned (-2 -> -4), resistant, attractive, hasted, very
quick
A: almost no armour, amphibious, 8 rings, camouflage 1, gelatinous body 1,
(nimble swimmer 1), tentacles, antennae 1, see invisible, agile 1, clever 1,
robust 1, strong 1, wild magic 1, evolution 1, cold vulnerability 2, inability
to drink after injury 1, noise suppression
a: Renounce Religion


You were on level 5 of the Dungeon.
You worshipped Xom.
You were a very special plaything of Xom.
You visited 1 branch of the dungeon, and saw 4 of its levels.

You collected 103 gold pieces.

Inventory:

Hand Weapons
 a - a +0 short sword of chaos (weapon)
Talismans
 p - a blade talisman
Scrolls
 b - a scroll of butterflies
 e - 2 scrolls of enchant weapon {unknown}
 h - a scroll of immolation {unknown}
 j - a scroll of revelation {unknown}
 k - a scroll of torment {unknown}
 l - 2 scrolls of identify {unknown}
 m - a scroll of noise {unknown}
 n - a scroll of teleportation {unknown}
 o - a scroll of amnesia {unknown}
Potions
 i - a potion of brilliance


   Skills:
 + Level 3.9 Fighting
 + Level 3.8 Short Blades
 + Level 3.4 Dodging
 + Level 0.5 Shapeshifting


You had 3 spell levels left.
You didn't know any spells.
Your spell library contained the following spells:

 Spells                   Type           Power      Damage    Failure   Level
 Ignite Poison            Fire/Tmut/Pois 0%         N/A       67%         3
 Tukima's Dance           Hex            0%         N/A       67%         3
 Dimensional Bullseye     Hex/Tloc       0%         N/A       96%         4
 Iskenderun's Mystic Bla  Conj/Tloc      0%         2d3       96%         4
 Sticky Flame             Conj/Fire      0%         2d3       96%         4
 Ignition                 Fire           0%         3d3       100%        8


Dungeon Overview and Level Annotations

Branches:
Dungeon (5/15)
 Temple: D:4-7

Altars:
Xom

Shops:
D:1 ?


Innate Abilities, Weirdness & Mutations

You cannot wear most types of armour.
You are amphibious.
You can wear up to eight rings at the same time.
Your skin changes colour to match your surroundings (Stealth+).
Your rubbery body absorbs attacks. (AC +1, EV +1)
((You are camouflaged when in or above water. (Stealth+)))
You have tentacles for arms and can constrict up to eight enemies at once.
You have a pair of small antennae on your head.
You have supernaturally acute eyesight. (SInv)
You are agile. (Dex +4, Str/Int -1)
Your mind is acute. (Int +4, Str/Dex -1)
You are robust. (+10% HP)
Your muscles are strong. (Str +4, Int/Dex -1)
Your spells are a little harder to cast, but a little more powerful.
You have hidden genetic potential.
You are very vulnerable to cold. (rC--)
You occasionally lose the ability to drink potions when taking damage.
You passively dampen the noise of your surroundings.


Message History

You hit the iguana.
You kill the iguana!
The orc is attracted toward you. x2
You feel better. The scorpion stings you.
It was a potion of resistance.
You feel protected.
Xom roars with laughter!
You barely miss the scorpion. Your grab misses the scorpion.
Your squeeze misses the scorpion. The scorpion stings you.
You are poisoned.
The scorpion poisons you!
You barely miss the scorpion. You grab the scorpion.
You constrict the scorpion, but do no damage.
You feel sick. The scorpion completely misses you.
You hit the scorpion. You freeze the scorpion.
The scorpion is moderately wounded.
You constrict the scorpion, but do no damage.
You feel sick.
Xom decides to shift things around a little.
The orc blinks!
The orc is attracted toward you.
You hit the scorpion.
The scorpion easily resists.
The scorpion is heavily wounded.
You constrict the scorpion.
You feel sick. The scorpion barely misses you. The orc is attracted toward you.
You hit the scorpion but do no damage.
The scorpion seems to speed up.
The scorpion is heavily wounded.
You constrict the scorpion. The scorpion misses you.
You hit the scorpion but do no damage.
The scorpion is severely wounded.
You constrict the scorpion, but do no damage.
You feel sick. The scorpion stings you.
* * * LOW HITPOINT WARNING * * *
You hit the scorpion but do no damage.
The scorpion is severely wounded.
You constrict the scorpion. The scorpion barely misses you.
You hit the scorpion but do no damage.
The scorpion is severely wounded.
You constrict the scorpion.
You feel sick. The scorpion stings you!
You die...
Xom chortles!

#...# #...# #...# ##
#...# .# #...#######
.## #...##..... ..
#>.....## .#
#.......######.###...
###......@soSo..ยง....
#####.#####.####.. #.#
#oo...... #..
.s......[ ####
#########.


You could see a scorpion (fast), an adder and 2 orcs.

Vanquished Creatures
  An iguana (D:5)
  2 adders
  2 ufetubi (D:5)
  2 worms (D:2)
  2 dart slugs
  An orc (D:5)
  2 endoplasms
  4 giant cockroaches
  3 goblins
  5 hobgoblins
  4 kobolds
  2 quokkas
  2 ball pythons
  8 bats
  A frilled lizard (D:2)
  2 rats (D:1)
43 creatures vanquished.

Notes
Turn   | Place    | Note
-------+----------+-------------------------------------------
     0 | D:1      | Xavori the Octopode Chaos Knight began the quest for the
                  | Orb.
     0 | D:1      | Reached XP level 1. HP: 16/16 MP: 1/1
   112 | D:1      | Reached XP level 2. HP: 21/21 MP: 2/2
   212 | D:1      | XOM: silly message
   233 | D:1      | XOM: divination: detect creatures
   267 | D:1      | XOM: silly message
   579 | D:1      | Found Azoinlesk's Magic Scroll Boutique.
   783 | D:2      | XOM: noise
   791 | D:2      | Reached XP level 3. HP: 25/26 MP: 3/3
  1249 | D:1      | XOM: divination: magic mapping
  1568 | D:1      | XOM: divination: magic mapping
  1660 | D:1      | XOM is BORED!
  1660 | D:1      | XOM: silly message
  2116 | D:1      | XOM: silly message
  2168 | D:1      | XOM is BORED!
  2168 | D:1      | XOM: give mutations
  2168 | D:1      | Gained mutation: You are vulnerable to cold. (rC-) [Xom's
                  | mischief]
  2168 | D:1      | Gained mutation: A frigid envelope surrounds you and
                  | freezes all who hurt you. [Xom's mischief]
  2168 | D:1      | Gained mutation: You have a pair of small antennae on your
                  | head. [Xom's mischief]
  2168 | D:1      | Gained mutation: You have supernaturally acute eyesight.
                  | (SInv) [Xom's mischief]
  2336 | D:1      | XOM: cloud trail
  2420 | D:1      | XOM: god gift: 4 stones
  2739 | D:1      | XOM: give mutations
  2739 | D:1      | Gained mutation: Your mind is acute. (Int +4, Str/Dex -1)
                  | [Xom's grace]
  2739 | D:1      | Gained mutation: You passively dampen the noise of your
                  | surroundings. [Xom's grace]
  2739 | D:1      | Gained mutation: You are robust. (+10% HP) [Xom's grace]
  3216 | D:1      | XOM: summons 2 hostile demons
  3856 | D:1      | XOM: summons 2 hostile shadow creatures
  3962 | D:2      | XOM: silly message
  4184 | D:1      | XOM: silly message
  4253 | D:1      | XOM: silly message
  4426 | D:1      | XOM: noise
  5329 | D:1      | XOM is BORED!
  5329 | D:1      | XOM: give mutation
  5329 | D:1      | Lost mutation: A frigid envelope surrounds you and freezes
                  | all who hurt you. [Xom's mischief]
  6037 | D:1      | XOM: summons 1 hostile shadow creature
  6138 | D:2      | XOM: 1-stop teleportation journey
  6163 | D:1      | XOM: give mutation
  6163 | D:1      | Gained mutation: Your spells are a little easier to cast,
                  | but a little less powerful. [Xom's mischief]
  6590 | D:1      | XOM: give mutations
  6590 | D:1      | Gained mutation: You have hidden genetic potential. [Xom's
                  | mischief]
  6590 | D:1      | Lost mutation: Your spells are a little easier to cast, but
                  | a little less powerful. [Xom's mischief]
  7838 | D:1      | XOM: scenery: create altars
  8081 | D:1      | XOM: give mutations
  8081 | D:1      | Gained mutation: You occasionally lose the ability to drink
                  | potions when taking damage. [Xom's mischief]
  8081 | D:1      | Gained mutation: Your spells are a little harder to cast,
                  | but a little more powerful. [Xom's mischief]
  8081 | D:1      | Gained mutation: Your muscles are strong. (Str +4, Int/Dex
                  | -1) [Xom's mischief]
  8206 | D:1      | XOM: give mutation
  8206 | D:1      | Gained mutation: You are very vulnerable to cold. (rC--)
                  | [Xom's mischief]
  8300 | D:1      | XOM: summons 3 hostile shadow creatures
  8702 | D:1      | XOM: summons 2 hostile shadow creatures
  9263 | D:1      | XOM: torment (15/28 hp)
 10084 | D:1      | XOM: scenery: summon butterflies
 10292 | D:1      | XOM: divination: detect items
 10617 | D:3      | Reached XP level 4. HP: 36/36 MP: 4/4
 10753 | D:3      | You fall into a shaft and drop 2 floors!
 10753 | D:5      | Entered Level 5 of the Dungeon
 10762 | D:5      | Noticed a scorpion
 10783 | D:5      | Gained mutation: You are agile. (Dex +4, Str/Int -1)
                  | [hidden potential]
 10791 | D:5      | XOM: blink monster(s)
 10796 | D:5      | Slain by a scorpion

Illustrated notes

Levels and vault maps discovered:
D:1:      dpeg_arrival_rooms_b, layout_loops_ring, serial_shops,
          nicolae_shop_rolled_up
D:2:      layout_rooms
D:3:      layout_loops_cross
D:5:      layout_loops_ring, gup_sewer_entry_spiral, uniq_crazy_yiuf_cottage

Skill      XL: |  1  2  3 |
---------------+----------+-----
Dodging        | 3 |  3.4
Fighting       | |  3.9
Short Blades   | |  3.8
Shapeshifting  | |  0.5

Action                     |  1- 3 |  4- 6 || total
---------------------------+-------+-------++-------
  Melee: Short sword       |    79 |    25 ||   104
         Tentacles         |    17 |     2 ||    19
         Constrict         |    19 |     4 ||    23
    Use: Potion            |       |     6 ||     6
   Stab: Sleeping          |     9 |       ||     9
 Armour: Skin              |    29 |    21 ||    50
  Dodge: Dodged            |    65 |    26 ||    91

Table legend: (Time is in decaauts)
 A = Elapsed time spent in this place.
 B = Non-inter-level travel time spent in this place.
 C = Inter-level travel time spent in this place.
 D = Time resting spent in this place.
 E = Time spent auto-exploring this place.
 F = Levels seen in this place.
 G = Mean time per level.
                   A        B        C        D        E       F      G
               +--------+--------+--------+--------+--------+-----+--------+
         Total |  10778 |  10738 |     40 |   9437 |   1024 |   4 | 2694.5 |
       Dungeon |  10778 |  10738 |     40 |   9437 |   1024 |   4 | 2694.5 |
               +--------+--------+--------+--------+--------+-----+--------+

Top non-repeatable levels by time:
     D:1: 9351 daAuts
     D:2: 1251 daAuts
     D:3: 142 daAuts
     D:5: 33 daAuts
